 Dungeon Crawl Stone Soup version 0.27.1-1-g398f81649c (webtiles) character file.

Game seed: 8778643902612166299

1780 Elvor the Sneak (level 9, 0/55 HPs)
             Began as a Gargoyle Delver on Sept 13, 2021.
             Was a Priest of Okawaru.
             Hit by a large rock thrown by a cyclops (38 damage)
             ... on level 6 of the Dungeon.
             The game lasted 00:56:17 (7407 turns).

Elvor the Sneak (Gargoyle Delver)                   Turns: 7407, Time: 00:56:18

Health: 0/55       AC: 17    Str: 19    XL:     9   Next: 8%
Magic:  3/3        EV:  8    Int: 11    God:    Okawaru [***...]
Gold:   300        SH:  0    Dex: 11    Spells: 8/8 levels left

rFire    . . .     SeeInvis .   h - +8 war axe of the Inferno {antimagic, +Blink Will+}
rCold    . . .     Faith    .   (no shield)
rNeg     + . .     Spirit   .   B - +1 chain mail {rPois}
rPois    ∞         Reflect  .   (no helmet)
rElec    +         Harm     .   e - scarf {repulsion}
rCorr    +         Rampage  .   (no gloves)
Will     +....                  (no boots)
Stlth    ..........             (no amulet)
HPRegen  0.18/turn              x - ring of resist corrosion
MPRegen  0.08/turn              (no ring)

@: repel missiles
A: sickness immunity, AC +6, negative energy resistance 1, electricity
resistance, torment resistance 1, petrification resistance
a: Renounce Religion, Evoke Blink, Heroism


You were on level 6 of the Dungeon.
You worshipped Okawaru.
Okawaru was most pleased with you.
You visited 2 branches of the dungeon, and saw 7 of its levels.

You collected 300 gold pieces.

Inventory:

Hand Weapons
 h - the +8 war axe of the Inferno (weapon) {antimagic, +Blink Will+}
   (You found it on level 5 of the Dungeon)

   It reduces the magical energy of the wielder, and disrupts the spells and
   magical abilities of those it strikes.
   Natural abilities and divine invocations are not affected.
   +Blink:    It lets you blink.
   Will:      It increases your willpower.
 A - a +1 flail of protection
Missiles
 k - 5 poisoned darts (quivered)
 n - 2 boomerangs
 q - 33 stones
 w - 21 sling bullets
 C - 29 bolts
Armour
 e - a scarf of repulsion (worn)
 s - a +1 cloak
 v - a +0 plate armour
 B - a +1 chain mail of poison resistance (worn)
Jewellery
 x - a ring of resist corrosion (left hand)
Wands
 b - a wand of acid (2)
 g - a wand of digging (2)
 o - a wand of polymorph (3)
Scrolls
 d - a scroll of magic mapping
 i - a scroll of identify
 j - 4 scrolls of enchant armour
 l - 3 scrolls of amnesia
 m - 2 scrolls of noise {unknown}
 r - a scroll of silence {unknown}
 t - 2 scrolls of holy word {unknown}
 u - a scroll of enchant weapon {unknown}
 y - 3 scrolls of teleportation {unknown}
Potions
 a - a potion of berserk rage
 c - a potion of mutation {unknown}
 f - a potion of haste
 p - 2 potions of curing
 z - a potion of degeneration
Miscellaneous
 D - a piece from Xom's chessboard (15/15)


   Skills:
 + Level 6.0 Fighting
 + Level 6.6(6.8) Axes
 + Level 2.4(5.2) Maces & Flails
 + Level 1.4 Throwing
 + Level 4.7 Armour
 + Level 2.5 Dodging
 + Level 6.9 Stealth
 + Level 0.2 Invocations
 + Level 2.3 Evocations


You had 8 spell levels left.
You didn't know any spells.
Your spell library contained the following spells:

 Spells                   Type           Power      Damage    Failure   Level
 Magic Dart               Conj           0%         1d3       98%         1
 Searing Ray              Conj           0%         3d3       99%         2
 Gell's Gravitas          Tloc           0%         N/A       100%        3
 Teleport Other           Tloc           0%         N/A       100%        3
 Fulminant Prism          Conj/Hex       0%         3d6       100%        4
 Dispersal                Tloc           0%         N/A       100%        6


Dungeon Overview and Level Annotations

Branches:
Dungeon (6/15)             Temple (1/1) D:4

Altars:
Ashenzari
Cheibriados
Dithmenos
Elyvilon
Fedhas
Hepliaklqana
Kikubaaqudgha
Makhleb
Nemelex Xobeh
Okawaru
Qazlal
Ru
Sif Muna
Trog
Uskayaw
Vehumet
Wu Jian
Xom
Yredelemnul
Zin
The Shining One

Shops:
D:4 (   D:5 (

Annotations:
D:3 exclusion: oklob plant
D:4 2 transporters, Skiberibeda's ghost, amateur TrMo


Innate Abilities, Weirdness & Mutations

You are immune to sickness and miasma.
Your stone body is resilient. (AC +6)
You are immune to poison.
You resist negative energy. (rN+)
You are resistant to electric shocks. (rElec)
You are resistant to unholy torment.
You are immune to petrification.


Message History

Okay, then.
The cyclops shouts!
Throw: 9 darts (poison)
Press: ? - help, Q - select action, (/) - cycle Shift-Dir - straight line, f/p - cyclops
Aim: a cyclops, quivering large rocks (85% to hit)
You throw a poisoned dart. The poisoned dart hits the cyclops.
The cyclops is poisoned.
Throw: 8 darts (poison)
Press: ? - help, Q - select action, (/) - cycle Shift-Dir - straight line, f/p - cyclops
Aim: a cyclops, quivering large rocks (lightly wounded, poisoned, 85% to hit)
You throw a poisoned dart.
The poisoned dart barely misses the cyclops.
The cyclops throws a large rock.
The large rock hits you.
Throw: 7 darts (poison)
Press: ? - help, Q - select action, (/) - cycle Shift-Dir - straight line, f/p - cyclops
Aim: a cyclops, quivering large rocks (lightly wounded, poisoned, 86% to hit)
You throw a poisoned dart. The poisoned dart hits the cyclops.
The cyclops is lightly wounded.
Throw: 6 darts (poison)
Press: ? - help, Q - select action, (/) - cycle Shift-Dir - straight line, f/p - cyclops
Aim: a cyclops, quivering large rocks (lightly wounded, poisoned, 85% to hit)
You throw a poisoned dart. The poisoned dart hits the cyclops.
The cyclops looks even sicker.
The cyclops is lightly wounded.
You hear a splash.
The cyclops throws a large rock.
The large rock hits you!!
Ouch! That really hurt!
* * * LOW HITPOINT WARNING * * *
You start resting.
A cyclops is nearby!
Okay, then.
As you read the scroll of fog, it crumbles to dust.
The scroll dissolves into smoke.
c - a glowing silvery potion You enter the shallow water.
Moving in this stuff is going to be slow.
A cyclops is nearby!
The cyclops throws a large rock.
The large rock hits you!!!
Ouch! That really hurt!
You die...

##<##.#......≈≈≈≈..#.#
####
####.#......≈≈≈P≈.#.#
...# #.##.....≈≈≈≈..#.#
...# #..#.....≈≈≈≈P.#.#
...# ##.#......≈≈P....#
...# #[#..#..≈≈≈.C...#
...# ##..#'#.≈≈≈≈≈≈†..#
...# #.......≈≈≈≈≈≈...#
.### #.....@.≈≈≈≈≈P≈≈.#
.# #........≈≈≈≈≈≈≈.##
.# #......#..≈≈≈≈≈...#
.#
####...#..≈≈≈≈P≈..#####
.#####
##..#.≈≈≈≈≈≈≈.......
..##.#####
#..#..≈≈≈≈≈P...###.
.#..#.##.. ....
≈≈.≈≈≈≈≈≈..##.
.##.#.##.#
##........≈≈≈≈...#.
.##..###.#
..#....P≈≈≈P≈....


You could see a cyclops.

Vanquished Creatures
  Sigmund (D:2)
  2 orc warriors
  An ogre (D:6)
  3 centaurs (D:6)
  Blork the orc (D:5)
  A water moccasin zombie (D:6)
  2 electric eels (D:6)
  3 wights (D:6)
  A bullfrog zombie (D:5)
  A hound (D:4)
  An orc priest (D:3)
  Crazy Yiuf (D:3)
  Terence (D:2)
  Natasha (thrice) (D:3)
  2 iguanas (D:5)
  5 orc wizards
  Ijyb (D:4)
  A killer bee zombie (D:6)
  A hound zombie (D:5)
  8 gnolls
  A howler monkey skeleton (D:4)
  14 adders
  An adder skeleton (D:4)
  3 worms (D:2)
  A dart slug (D:2)
  22 orcs
  A bat zombie (D:6)
  7 endoplasms
  2 giant cockroaches
  5 goblins
  6 hobgoblins
  4 jackals (D:1)
  7 quokkas
  3 training dummies (D:5)
  6 ball pythons
  6 bats
  4 frilled lizards
  7 kobolds
  A rat (D:3)
  A rat zombie (D:6)
142 creatures vanquished.

Vanquished Creatures (others)
  7 fungi (D:3)
  18 plants
25 creatures vanquished.

Grand Total: 167 creatures vanquished

Notes
Turn   | Place    | Note
-------+----------+-------------------------------------------
     0 | D:5      | Elvor the Gargoyle Delver began the quest for the Orb.
     0 | D:5      | Reached XP level 1. HP: 14/14 MP: 1/1
   152 | D:5      | Identified the +8 war axe of the Inferno {antimagic, +Blink
                  | Will+}
   276 | D:5      | Noticed an iguana
   347 | D:4      | Noticed Ijyb
   382 | D:4      | Reached XP level 2. HP: 16/19 MP: 0/2
   449 | D:4      | Reached XP level 3. HP: 16/24 MP: 1/3
   456 | D:4      | Found a staircase to the Ecumenical Temple.
   468 | Temple   | Entered the Ecumenical Temple
   605 | Temple   | Became a worshipper of Warmaster Okawaru
   755 | D:4      | Reached skill level 1 in Axes
   755 | D:4      | Reached XP level 4. HP: 29/29 MP: 1/4
   764 | D:4      | Reached skill level 1 in Armour
   765 | D:4      | Found a transporter.
   783 | D:4      | Killed Ijyb
   814 | D:4      | Noticed Skiberibeda's ghost (amateur TrMo)
   823 | D:4      | Reached XP level 5. HP: 18/33 MP: 1/5
   972 | D:4      | Identified the +9 great mace of the Unliving {drain, +Blink
                  | rF- Dex+5}
   972 | D:4      | Noticed an ogre
   978 | D:4      | Found a transporter.
  1167 | D:4      | Found Guerphekk's Weapon Shoppe.
  1367 | D:3      | Found a runed translucent door.
  1368 | D:3      | Noticed Crazy Yiuf
  1377 | D:3      | Killed Crazy Yiuf
  1734 | D:3      | Reached XP level 6. HP: 38/38 MP: 2/6
  1738 | D:3      | Noticed Natasha
  1744 | D:3      | Killed Natasha
  1830 | D:3      | Found a blossoming altar of Fedhas.
  1851 | D:3      | Noticed an oklob plant
  2204 | D:3      | Noticed Natasha
  2209 | D:3      | Killed Natasha
  2209 | D:3      | Reached * piety under Okawaru
  2377 | D:3      | Noticed Natasha
  2384 | D:3      | Killed Natasha
  2674 | D:1      | Reached XP level 7. HP: 44/44 MP: 2/7
  3410 | D:2      | Noticed Sigmund
  3429 | D:2      | Killed Sigmund
  3471 | D:2      | Noticed Terence
  3487 | D:2      | Killed Terence
  3550 | D:2      | Reached skill level 5 in Fighting
  3595 | D:2      | HP: 1/44 [gnoll (5)]
  4872 | D:5      | Found a white marble altar of Elyvilon.
  4972 | D:5      | Reached XP level 8. HP: 44/49 MP: 2/8
  4992 | D:5      | Found Iwocyuf's Firing Range.
  5041 | D:5      | Noticed Blork the orc
  5051 | D:5      | Killed Blork the orc
  5052 | D:5      | Reached skill level 1 in Throwing
  5052 | D:5      | Reached skill level 1 in Evocations
  5058 | D:5      | Reached ** piety under Okawaru
  5059 | D:5      | Reached skill level 5 in Axes
  5293 | D:6      | Noticed a shadow
  6227 | D:6      | Noticed a cyclops
  6754 | D:6      | Reached XP level 9. HP: 54/55 MP: 3/9
  6892 | D:6      | Reached *** piety under Okawaru
  6900 | D:6      | Found an ancient bone altar of Kikubaaqudgha.
  7407 | D:6      | Hit by a large rock thrown by a cyclops

Illustrated notes

Levels and vault maps discovered:
D:1:      psy_arrival_whirlpool, layout_basic
D:2:      layout_rooms, minmay_tromino_v2, uniq_terence, uniq_sigmund
D:3:      layout_basic, tgw_fedhas, uniq_crazy_yiuf_cottage, uniq_natasha
D:4:      layout_loops_ring, minmay_temple_entry_purple_smoke, serial_shops,
          kennysheep_little_box, gammafunk_ghost_smash, uniq_ijyb
D:5:      layout_basic, elyvilon_altar_3, nicolae_shop_firing_range,
          uniq_blork_the_orc
D:6:      minmay_cornered_nines, layout_basic,
          lemuel_zombie_altar_kikubaaqudgha, grunt_ministairs_4,
          chequers_big_river, nrook_mini_backslash
Temple:   regret_index_temple_mists

Skill      XL: |  1  2  3  4  5  6  7  8 |
---------------+-------------------------+-----
Stealth        | 6 |  6.9
Axes           | 1 2 3 4 6 |  6.6
Armour         | 1 2 3 4 |  4.7
Fighting       | 4 5 6 |  6.0
Dodging        | 2 |  2.5
Throwing       | 1 |  1.4
Evocations     | 2 |  2.3
Maces & Flails | |  2.4
Invocations    | |  0.2

Action                   |  1- 3 |  4- 6 |  7- 9 || total
-------------------------+-------+-------+-------++-------
Melee: War axe           |    23 |   139 |   200 ||   362
Throw: Boomerang         |       |    15 |    29 ||    44
       Throwing net      |       |       |     1 ||     1
       Dart              |       |       |     4 ||     4
Invok: Heroism           |       |       |     2 ||     2
Evoke: Wand              |       |       |    25 ||    25
  Use: Scroll            |       |     1 |     7 ||     8
       Potion            |       |       |     1 ||     1
 Stab: Sleeping          |       |     2 |     1 ||     3
Armor: Ring mail         |     8 |    33 |       ||    41
       Skin              |       |     7 |       ||     7
       Scale mail        |       |    19 |    15 ||    34
       Chain mail        |       |       |    95 ||    95
Dodge: Dodged            |    11 |    66 |    91 ||   168
       Repelled          |       |       |     2 ||     2
